 Dungeon Crawl Stone Soup version 0.30-a0-578-gdee14c521f (webtiles) character file.

Game seed: 15632505713688157947

121 spardeous the Digger (level 4, -2/18 HPs)
             Began as a Felid Earth Elementalist on Dec 31, 2022.
             Slain by an iguana (13 damage)
             ... on level 4 of the Dungeon.
             The game lasted 00:05:56 (3609 turns).

spardeous the Digger (Felid Earth Elementalist)     Turns: 3609, Time: 00:05:57

Health: -2/18      AC:  1    Str:  4    XL:     4   Next: 77%
Magic:  7/8        EV: 19    Int: 19    God:
Gold:   148        SH:  0    Dex: 16    Spells: 6/7 levels left
                                        Lives:  0   Deaths: 1

rFire   . . .      SeeInvis +    (weapon unavailable)
rCold   . . .      Faith    .    (shield unavailable)
rNeg    . . .      Spirit   .    (body armour unavailable)
rPois   .          Reflect  .    (helmet unavailable)
rElec   .          Harm     .    (cloak unavailable)
rCorr   .          Rampage  .    (gloves unavailable)
Will    .....                    (boots unavailable)
Stlth   ++                       (no amulet)
HPRegen 0.23/turn                (no ring)
MPRegen 0.11/turn                (no ring)

@: quick
A: very small, claws 1, fangs 3, see invisible, speed 1, shaggy fur 1, stealthy
paws, no weapons or thrown items, no armour, multi-lived
a: no special abilities


You were on level 4 of the Dungeon.
You visited 1 branch of the dungeon, and saw 4 of its levels.

You collected 148 gold pieces.

Inventory:

Scrolls
 b - 4 scrolls of identify {unknown}
 c - 3 scrolls of teleportation {unknown}
 d - a scroll of amnesia {unknown}
 e - a scroll of enchant weapon {unknown}
 f - a scroll of torment {unknown}
 g - a scroll of brand weapon {unknown}
 h - a scroll of magic mapping {unknown}
 i - a scroll of noise {unknown}
 j - 2 scrolls of fear {unknown}
Potions
 a - 2 potions of magic
 k - a potion of degeneration {unknown}
 l - a potion of ambrosia {unknown}


   Skills:
 - Level 4.5 Dodging
 - Level 2.6 Stealth
 - Level 2.0 Spellcasting
 + Level 3.1 Transmutations
 - Level 4.6 Earth Magic


You had 6 spell levels left.
You knew the following spells:

 Your Spells              Type           Power      Damage    Failure   Level
a - Sandblast             Erth           38%        2d10      2%          1

Your spell library contained the following spells:

 Spells                   Type           Power      Damage    Failure   Level
 Passwall                 Tmut/Erth      13%        N/A       5%          2
 Summon Small Mammal      Summ           4%         N/A       17%         1
 Stone Arrow              Conj/Erth      20%        3d8       21%         3
 Ignite Poison            Fire/Tmut/Pois 5%         N/A       32%         3
 Petrify                  Tmut/Erth      16%        N/A       34%         4
 Call Canine Familiar     Summ           1%         N/A       45%         3
 Kindle Blastsparks       Fire/Tloc/Air  2%         2d10      45%         3
 Summon Guardian Golem    Hex/Summ       1%         N/A       45%         3
 Blade Hands              Tmut           6%         N/A       78%         5
 Freezing Cloud           Conj/Ice/Air   0%         6-21      99%         5
 Iron Shot                Conj/Erth      5%         9d2       100%        6
 Animate Armour           Summ/Erth      Unusable   N/A       N/A         4

Dungeon Overview and Level Annotations

Branches:
Dungeon (4/15)
 Temple: D:4-7

Altars:

Shops:
D:2 :


Innate Abilities, Weirdness & Mutations

You have sharp claws.
You have razor-sharp teeth.
You have supernaturally acute eyesight. (SInv)
You cover ground quickly. (Speed+)
You are covered in fur. (AC +1)
Your paws help you pounce on unaware monsters.
You are incapable of wielding weapons or throwing items.
You cannot wear armour.
You gain extra lives every three experience levels.


Message History

There are monsters nearby!
Casting: Sandblast (safe; 2% risk of failure)
Confirm with . or Enter, or press ? or * to list all spells.
Aiming: Sandblast (safe; 2% risk of failure)
Press: ? - help, Shift-Dir - straight line, f - gnoll
Aim: a gnoll, wielding a +0 hand axe of electrocution and wearing a +0 plate armour of poison resistance (91% to hit)
The blast of sand hits the gnoll but does no damage.
The gnoll hits you with a +0 hand axe of electrocution.
Casting: Sandblast (safe; 2% risk of failure)
Confirm with . or Enter, or press ? or * to list all spells.
Aiming: Sandblast (safe; 2% risk of failure)
Press: ? - help, Shift-Dir - straight line, f/p - gnoll
Aim: a gnoll, wielding a +0 hand axe of electrocution and wearing a +0 plate armour of poison resistance (91% to hit)
The blast of sand hits the gnoll but does no damage.
The gnoll closely misses you.
The gnoll hits you with a +0 hand axe of electrocution!
Ouch! That really hurt!
* * * LOW HITPOINT WARNING * * *
The goblin throws a stone.
The stone misses you.
Things that are here:
a scroll labelled HAYCYL QOUT; a +0 spear; a gnoll corpse An iguana comes into view.
The iguana hisses angrily.
Casting: Sandblast (safe; 2% risk of failure)
Confirm with . or Enter, or press ? or * to list all spells.
Aiming: Sandblast (safe; 2% risk of failure)
Press: ? - help, Shift-Dir - straight line, f - iguana, p - gnoll
Aim: an iguana (84% to hit)
The blast of sand hits the iguana.
The iguana is lightly wounded.
Casting: Sandblast (safe; 2% risk of failure)
Confirm with . or Enter, or press ? or * to list all spells.
Aiming: Sandblast (safe; 2% risk of failure)
Press: ? - help, Shift-Dir - straight line, f/p - iguana
Aim: an iguana (lightly wounded, 84% to hit)
The blast of sand hits the iguana but does no damage.
The iguana is lightly wounded.
The iguana bites you!
Ouch! That really hurt!
You die...

#### ##### #### ....####
#.... #... .......# #....
#...#######.......# #....
#.........# ......####....
#.........# ........#....
##.........#######....#....
..........@')......gg......
..##....l.####........##.g
##........#........##..
##..g....#....#...###. ###
#..........))#...#... ...#
#....##..).##........ .....
#.......รท..##........
.....###.......#####........
...............## #........


You could see an iguana and a gnoll.

Vanquished Creatures
  A scorpion (D:4)
  A hound (D:4)
  5 gnolls (D:4)
  An adder (D:4)
  A worm (D:2)
  A dart slug (D:1)
  4 ball pythons
  4 bats
  9 endoplasms
  4 giant cockroaches
  5 hobgoblins
  6 jackals (D:2)
  3 quokkas (D:1)
  A frilled lizard (D:3)
  6 goblins
  6 kobolds
  7 rats
65 creatures vanquished.

Notes
Turn   | Place    | Note
-------+----------+-------------------------------------------
     0 | D:1      | spardeous the Felid Earth Elementalist began the quest for
                  | the Orb.
     0 | D:1      | Reached XP level 1. HP: 7/7 MP: 4/4
   253 | D:1      | Reached XP level 2. HP: 11/11 MP: 3/6
   826 | D:1      | Found a faded altar of an unknown god.
  1177 | D:2      | Reached XP level 3. HP: 12/14 MP: 0/7
  1645 | D:2      | Found Filoghia's Book Boutique.
  2492 | D:3      | Reached XP level 4. HP: 18/18 MP: 6/8
  3105 | D:4      | Reached XP level 5. HP: 14/21 MP: 2/9
  3333 | D:4      | Slain by a gnoll
  3334 | D:4      | Reached XP level 4. HP: -1/18 MP: 5/8
  3609 | D:4      | Slain by an iguana

Illustrated notes

Levels and vault maps discovered:
D:1:      evilmike_arrival_home_sweet_home, layout_basic,
          dilly_ecumenical_altar_fadedgnrine, chequers_hall_statues_corner_a,
          minmay_tromino_mix6
D:2:      layout_loops_ring, serial_shops, nicolae_shop_hallway_plus
D:3:      layout_loops_corners
D:4:      layout_basic, nicolae_ru_great_annihilating_truth,
          lemuel_zombie_altar_yredelemnul, gammafunk_ghost_abyssal_escape

Skill      XL: |  1  2  3  4  5 |
---------------+----------------+-----
Earth Magic    | 3 4 |  4.6
Dodging        | 3 4 |  4.5
Transmutations | 3 2 |  3.1
Stealth        | |  2.6
Spellcasting   | |  2.0

Action                   |  1- 3 |  4- 6 || total
-------------------------+-------+-------++-------
Melee: Unarmed           |     1 |       ||     1
       Bite              |     1 |       ||     1
 Cast: Sandblast         |    78 |    56 ||   134
Dodge: Dodged            |    17 |    30 ||    47

Table legend: (Time is in decaauts)
 A = Elapsed time spent in this place.
 B = Non-inter-level travel time spent in this place.
 C = Inter-level travel time spent in this place.
 D = Time resting spent in this place.
 E = Time spent auto-exploring this place.
 F = Levels seen in this place.
 G = Mean time per level.
                   A        B        C        D        E       F      G
               +--------+--------+--------+--------+--------+-----+--------+
         Total |   3174 |   3118 |     56 |     32 |   2424 |   4 |  793.5 |
       Dungeon |   3174 |   3118 |     56 |     32 |   2424 |   4 |  793.5 |
               +--------+--------+--------+--------+--------+-----+--------+

Top non-repeatable levels by time:
     D:1: 955 daAuts
     D:3: 840 daAuts
     D:2: 826 daAuts
     D:4: 552 daAuts
